 Dungeon Crawl Stone Soup version 0.29.0-15-g675c0067aa (webtiles) character file.

Game seed: 681739900445593076

1313 LabCoat the Cleaver (level 8, -6/70 HPs)
             Began as a Hill Orc Fighter on Sept 11, 2022.
             Was an Initiate of Trog.
             Mangled by Joseph
             ... wielding a +0 quarterstaff
              (20 damage)
             ... on level 7 of the Dungeon.
             The game lasted 00:16:36 (6767 turns).

LabCoat the Cleaver (Hill Orc Fighter)              Turns: 6767, Time: 00:16:36

Health: -6/70      AC: 10    Str: 21    XL:     8   Next: 58%
Magic:  0/8        EV:  7    Int:  8    God:    Trog [......]
Gold:   251        SH:  5    Dex: 16    Spells: 7/7 levels left

rFire   . . .      SeeInvis .   a - +1 war axe
rCold   . . .      Faith    .   c - +0 buckler
rNeg    . . .      Spirit   +   j - +0 chain mail
rPois   .          Reflect  .   (no helmet)
rElec   .          Harm     .   p - scarf {shadows}
rCorr   .          Rampage  .   (no gloves)
Will    .....                   (no boots)
Stlth   ..........              v - amulet of guardian spirit
HPRegen 0.21/turn               s - +6 ring of dexterity
MPRegen 0.11/turn               (no ring)

@: mighty
A: no striking features
a: Renounce Religion


You were on level 7 of the Dungeon.
You worshipped Trog.
Trog was noncommittal.
You visited 2 branches of the dungeon, and saw 8 of its levels.

You collected 251 gold pieces.

Inventory:

Hand Weapons
 a - a +1 war axe (weapon)
 h - a +1 whip of electrocution
 i - a +0 flail
Missiles
 o - 6 boomerangs (quivered)
Armour
 c - a +0 buckler (worn)
 j - a +0 chain mail (worn)
 p - a scarf of shadows (worn)
 y - a +0 cloak
Jewellery
 s - a +6 ring of dexterity (left hand)
 u - an amulet of the acrobat
 v - an amulet of guardian spirit (around neck)
 z - an amulet of magic regeneration
Scrolls
 b - a scroll of poison {unknown}
 g - 2 scrolls of teleportation
 l - a scroll of enchant armour
 m - a scroll of vulnerability {unknown}
 t - a scroll of amnesia {unknown}
 x - a scroll of noise {unknown}
Potions
 e - a potion of flight
 f - a potion of experience
 k - a potion of curing
 n - a potion of ambrosia
 q - 3 potions of brilliance
 r - a potion of magic
 w - a potion of haste {unknown}


   Skills:
 + Level 6.1 Fighting
 * Level 8.0 Axes
 + Level 2.4 Throwing
 + Level 5.5 Armour
 + Level 5.4 Shields
 + Level 2.8 Evocations


You had 7 spell levels left.
You didn't know any spells.
Your spell library contained the following spells:

 Spells                   Type           Power      Damage    Failure   Level
 Static Discharge         Conj/Air       0%         3-3/arc   100%        2
 Lightning Bolt           Conj/Air       0%         1d11      100%        5
 Maxwell's Capacitive Co  Air            0%         ∞         100%        8


Dungeon Overview and Level Annotations

Branches:
Dungeon (7/15)             Temple (1/1) D:6

Altars:
Ashenzari
Cheibriados
Dithmenos
Elyvilon
Fedhas
Kikubaaqudgha
Makhleb
Nemelex Xobeh
Okawaru
Qazlal
Ru
Sif Muna
Trog
Uskayaw
Vehumet
Wu Jian
Xom
Yredelemnul
Zin
The Shining One

Annotations:
D:7 Joseph


Message History

The white imp barely misses you.
You slash the white imp!
You kill the white imp!
Trog accepts your kill.
HP restored.
Joseph, a Mercenary comes into view.
He is wielding a +0 quarterstaff.
Joseph shouts!
Joseph unwields a +0 quarterstaff.
Joseph wields a +0 sling.
Joseph shoots a sling bullet.
The sling bullet hits you!
Joseph shoots a sling bullet.
The sling bullet hits you!
Joseph shouts, "Wow!"
Joseph unwields a +0 sling.
Joseph wields a +0 quarterstaff.
You block Joseph's attack.
You hit Joseph.
Joseph is lightly wounded.
Joseph drinks a potion.
Joseph seems to grow stronger.
You slash Joseph!
Joseph is lightly wounded.
Joseph hits you with a +0 quarterstaff!
Okay, then.
You feel very mighty all of a sudden. Joseph hits you with a +0 quarterstaff!
You barely miss Joseph.
Joseph is lightly wounded.
Joseph hits you with a +0 quarterstaff.
* * * LOW HITPOINT WARNING * * *
You slash Joseph!
Joseph is moderately wounded.
Joseph barely misses you.
You hit Joseph.
Joseph is heavily wounded.
Joseph hits you with a +0 quarterstaff!
* * * LOW HITPOINT WARNING * * *
You barely miss Joseph.
Joseph is heavily wounded.
You block Joseph's attack.
You slash Joseph!
Joseph is heavily wounded.
Joseph hits you with a +0 quarterstaff!!
You die...

### # ... .#
#.###.#
#.@...# #@#
#####.#####
...........#
###.######.#
# #.# #.#
#.# #.# #<#


You could see Joseph (strong).

Vanquished Creatures
  A water moccasin (D:6)
  An ice beast (D:5)
  A black bear (D:6)
  A centaur (D:5)
  An ogre (D:6)
  A phantom (D:5)
  4 scorpions
  A hound (D:5)
  A jelly (D:6)
  2 orc priests (D:3)
  3 orc wizards
  5 iguanas
  8 gnolls (D:3)
  6 adders
  4 white imps
  An ufetubus (D:5)
  2 dart slugs
  2 worms
  10 orcs
  5 ball pythons
  6 endoplasms
  A giant cockroach (D:4)
  6 goblins
  4 hobgoblins
  4 kobolds
  6 quokkas
  9 bats
  13 frilled lizards
  2 rats (D:1)
111 creatures vanquished.

Notes
Turn   | Place    | Note
-------+----------+-------------------------------------------
     0 | D:1      | LabCoat the Hill Orc Fighter began the quest for the Orb.
     0 | D:1      | Reached XP level 1. HP: 19/19 MP: 1/1
   172 | D:1      | Reached skill level 3 in Axes
   222 | D:1      | Reached XP level 2. HP: 27/27 MP: 2/2
   471 | D:1      | Found a faded altar of an unknown god.
  1297 | D:2      | Reached XP level 3. HP: 33/33 MP: 3/3
  1606 | D:2      | Found a blossoming altar of Fedhas.
  1608 | D:2      | Noticed a scorpion
  1612 | D:2      | Killed a scorpion
  1613 | D:2      | Reached skill level 4 in Axes
  1613 | D:2      | Reached XP level 4. HP: 41/41 MP: 4/4
  1809 | D:2      | Reached XP level 5. HP: 35/47 MP: 5/5
  2331 | D:3      | Reached skill level 5 in Axes
  2597 | D:3      | Reached XP level 6. HP: 33/53 MP: 6/6
  2768 | D:3      | Reached skill level 1 in Throwing
  3337 | D:3      | Found a glowing golden altar of the Shining One.
  4221 | D:4      | Reached skill level 5 in Fighting
  4396 | D:5      | Entered Level 5 of the Dungeon
  4403 | D:5      | Noticed an ice beast
  4415 | D:5      | Killed an ice beast
  4416 | D:5      | Reached skill level 6 in Axes
  4416 | D:5      | Reached skill level 1 in Evocations
  4416 | D:5      | Reached XP level 7. HP: 61/61 MP: 7/7
  5297 | D:5      | Reached skill level 7 in Axes
  5297 | D:5      | Reached skill level 5 in Armour
  5331 | D:5      | Found an ancient bone altar of Kikubaaqudgha.
  5702 | D:6      | Reached skill level 5 in Shields
  5702 | D:6      | Reached XP level 8. HP: 70/70 MP: 8/8
  6082 | D:6      | Found a staircase to the Ecumenical Temple.
  6089 | Temple   | Entered the Ecumenical Temple
  6095 | Temple   | Became a worshipper of Trog the Wrathful
  6411 | D:6      | Reached skill level 8 in Axes
  6757 | D:7      | Noticed Joseph
  6767 | D:7      | Mangled by Joseph

Illustrated notes

Levels and vault maps discovered:
D:1:      dpeg_arrival_water_fire, layout_loops_corners,
          shapermc_ecumenical_altar_mp_vishouse, minmay_lizard_pond
D:2:      minmay_diamond_boxcup, layout_loops_ring, basic_altar
D:3:      layout_basic, tso_metal_star
D:4:      layout_basic, hex_intersection, kennysheep_generic_room_4
D:5:      layout_basic, kiku_gazebo_pond_becter, serial_park_tiny_1
D:6:      layout_cave_pools, temple_fountains
D:7:      layout_loops_ring, ebering_ghost_reflecting_pool, uniq_joseph,
          uniq_duvessa
Temple:   eino_narrow_crystal_temple

Skill      XL: |  1  2  3  4  5  6  7  8 |
---------------+-------------------------+-----
Axes           | 3 4 5 6 7 8 |  8.0
Fighting       | 4 5 6 |  6.1
Armour         | 4 5 |  5.5
Shields        | 4 5 |  5.4
Throwing       | 1 2 |  2.4
Evocations     | 1 2 |  2.8

Action                   |  1- 3 |  4- 6 |  7- 9 || total
-------------------------+-------+-------+-------++-------
Melee: War axe           |    70 |   119 |   111 ||   300
Throw: Dart              |       |    29 |     8 ||    37
       Boomerang         |       |       |     3 ||     3
Evoke: Wand              |       |    10 |       ||    10
  Use: Scroll            |     4 |     6 |     3 ||    13
       Potion            |       |       |     1 ||     1
Armor: Scale mail        |    39 |    30 |       ||    69
       Chain mail        |       |    44 |    72 ||   116
Dodge: Dodged            |    37 |    52 |    46 ||   135
Block: Buckler           |    17 |    31 |    29 ||    77
